 Seeded DCSS version 0.32-a0-918-g0f22ef8d61 (webtiles) character file.

Game seed: 17171284659712210178 (custom seed)

180 innerfire43 the Cudgeller (level 5, -3/63 HPs)
             Began as a Demonspawn Monk on Apr 10, 2024.
             Was a Believer of Yredelemnul.
             Slain by a gnoll
             ... wielding a +0 halberd
              (5 damage)
             ... on level 4 of the Dungeon.
             The game lasted 00:03:02 (2357 turns).

innerfire43 the Cudgeller (Demonspawn Monk)         Turns: 2357, Time: 00:03:02

Health: -3/63      AC: 22    Str: 13    XL:     5   Next: 33%
Magic:  7/7        EV:  2    Int: 12    God:    Yredelemnul [**....]
Gold:   298        SH:  0    Dex: 16    Spells: 4/4 levels left

rFire   + . .        a - +0 mace
rCold   + . .        d - orb {light}
rNeg    . . .        q - melded +0 scale mail
rPois   +            (helmet currently unavailable)
rElec   +            g - melded +0 cloak
rCorr   +            (gloves currently unavailable)
SInv    .            (boots currently unavailable)
Will    .....        (no amulet)
Stlth   +            (no ring)
HPRegen 0.30/turn    (no ring)
MPRegen 0.10/turn

%: no passive effects
@: tree-form, resistant
A: stationary, stasis, torment immunity, boosted hp, (hooves 1), big brain 1
a: Renounce Religion, Light the Black Torch, Recall Undead Harvest, Hurl
Torchlight


You were on level 4 of the Dungeon.
You worshipped Yredelemnul.
Yredelemnul was noncommittal.
You were a tree.
You visited 1 branch of the dungeon, and saw 4 of its levels.

You collected 298 gold pieces.

Inventory:

Hand Weapons
 a - a +0 mace (weapon)
Armour
 b - a +0 robe
 d - an orb of light (worn)
 g - a +0 cloak (melded)
 q - a +0 scale mail (melded)
Scrolls
 f - 4 scrolls of identify {unknown}
 h - 2 scrolls of fog {unknown}
 i - 3 scrolls of enchant weapon {unknown}
 j - 3 scrolls of teleportation {unknown}
 m - a scroll of revelation {unknown}
 o - a scroll of immolation
 p - a scroll of summoning {unknown}
Potions
 e - 2 potions of enlightenment {unknown}
 k - a potion of heal wounds {unknown}
 l - a potion of mutation {unknown}


   Skills:
 + Level 3.8 Fighting
 * Level 4.0 Maces & Flails
 + Level 1.8 Armour
 - Level 2.6 Dodging
 + Level 2.8 Invocations


You had 4 spell levels left.
You didn't know any spells.
Your spell library contained the following spells:

 Spells                   Type           Power      Damage    Failure   Level
 Slow                     Hex            0%         N/A       32%         1
 Confusing Touch          Hex            0%         N/A       69%         3
 Fugue of the Fallen      Necr           0%         N/A       69%         3
 Ozocubu's Armour         Ice            0%         N/A       69%         3
 Vampiric Draining        Necr           0%         2d6       69%         3
 Manifold Assault         Tloc           0%         N/A       100%        7


Dungeon Overview and Level Annotations

Branches:
Dungeon (4/15)
 Temple: D:4-7

Altars:
Yredelemnul


Innate Abilities, Weirdness & Mutations

You are a tree.
Your roots penetrate the ground, keeping you stationary.
You cannot be teleported.
You are immune to unholy pain and torment.
Your maximum health is greatly increased.
Your equipment is partially melded.
((You have large cloven feet.))
You have an unusually large brain. (Int +2)


Message History

Your giant cockroach zombie closely misses the gnoll.
Your giant cockroach zombie bites the gnoll but does no damage.
Your gnoll zombie hits the gnoll.
The gnoll hits you but does no damage. x2
The gnoll hits your gnoll zombie with a +0 halberd!
Your gnoll zombie is destroyed!
Your giant cockroach zombie bites the gnoll.
Your giant cockroach zombie barely misses the gnoll.
The gnoll hits you but does no damage.
The gnoll hits you from afar with a +0 spear.
* * * LOW HITPOINT WARNING * * *
The gnoll hits your giant cockroach zombie with a +0 halberd!
Your giant cockroach zombie is destroyed!
Your giant cockroach zombie bites the gnoll but does no damage.
The gnoll hits you but does no damage.
The gnoll hits you from afar with a +0 halberd.
* * * LOW HITPOINT WARNING * * *
The gnoll barely misses your giant cockroach zombie.
Your giant cockroach zombie bites the gnoll but does no damage.
The gnoll hits you but does no damage. x2
The gnoll hits your giant cockroach zombie from afar with a +0 halberd!
Your giant cockroach zombie is destroyed!
You feel less invigorated.
You feel less confused. The gnoll barely misses you.
The gnoll hits you from afar with a +0 halberd!
* * * LOW HITPOINT WARNING * * *
The gnoll hits you but does no damage.
The gnoll hits you from afar with a +0 spear.
* * * LOW HITPOINT WARNING * * *
The gnoll hits you from afar with a +0 halberd.
* * * LOW HITPOINT WARNING * * *
The gnoll hits you from afar with a +0 halberd!
* * * LOW HITPOINT WARNING * * *
The gnoll hits you but does no damage. x3
Unknown command.
The gnoll hits you but does no damage. x3
The gnoll hits you but does no damage.
The gnoll hits you from afar with a +0 halberd.
You die...
Your body rises from the dead as a mindless zombie.

##.>..# #....#
##....# #.....#
###...# . ##
##....#### ..
....#.....#..#!..
#...............
....ß.....♣.....ß.
........##...##...
ß.ß......ggg.#
.....####...##
ß.... ..... ....#
....... [.
#........
#......<..
#..........


You could see 3 gnolls.

Vanquished Creatures
  Jessica (D:3)
  Natasha (D:3)
  A gnoll (D:4)
  2 adders
  3 dart slugs
  2 bats
  3 endoplasms
  9 giant cockroaches
  4 hobgoblins
  3 kobolds
  3 quokkas
  4 ball pythons
  5 goblins
  A rat (D:2)
42 creatures vanquished.

Vanquished Creatures (collateral kills)
  Natasha (twice) (D:3)
2 creatures vanquished.

Vanquished Creatures (others)
  A gnoll zombie (D:4)
  3 giant cockroach zombies (D:4)
  A goblin zombie (D:3)
5 creatures vanquished.

Grand Total: 49 creatures vanquished

Notes
Turn   | Place    | Note
-------+----------+-------------------------------------------
     0 | D:1      | innerfire43 the Demonspawn Monk began the quest for the
                  | Orb.
     0 | D:1      | Reached XP level 1. HP: 18/18 MP: 1/1
   541 | D:1      | Gained mutation: You have large cloven feet. [demonic
                  | ancestry]
   541 | D:1      | Reached XP level 2. HP: 24/24 MP: 2/2
   572 | D:1      | Reached skill level 3 in Maces & Flails
   578 | D:1      | Reached skill level 1 in Invocations
  1337 | D:2      | Reached skill level 1 in Armour
  1337 | D:2      | Reached XP level 3. HP: 28/29 MP: 2/4
  1691 | D:3      | Found a faded altar of an unknown god.
  1763 | D:3      | Prayed at the altar of an unknown god.
  1763 | D:3      | Became a worshipper of Yredelemnul the Fallen
  1763 | D:3      | Reached * piety under Yredelemnul
  1763 | D:3      | Reached ** piety under Yredelemnul
  1887 | D:3      | Noticed Jessica
  1890 | D:3      | Killed Jessica
  1891 | D:3      | Gained mutation: You have an unusually large brain. (Int
                  | +2) [demonic ancestry]
  1891 | D:3      | Reached XP level 4. HP: 35/35 MP: 5/5
  1928 | D:3      | Noticed Natasha
  1941 | D:3      | Killed Natasha
  2033 | D:3      | Identified the +0 robe of Zomuq {rF+ Will++}
  2053 | D:3      | Noticed Natasha
  2064 | D:3      | Killed Natasha
  2065 | D:3      | Reached XP level 5. HP: 36/42 MP: 6/6
  2201 | D:3      | Noticed Natasha
  2210 | D:3      | Killed Natasha
  2211 | D:3      | Reached skill level 4 in Maces & Flails
  2354 | D:4      | HP: 1/63 [gnoll/+0 halberd (9)]
  2357 | D:4      | Slain by a gnoll

Illustrated notes

Levels and vault maps discovered:
D:1:      dpeg_arrival_line_fractal, layout_loops_corners
D:2:      layout_basic
D:3:      layout_rooms, hellmonk_ecumenical_altar_blasted, uniq_jessica,
          uniq_natasha
D:4:      minmay_chambers_of_twos, layout_cave_pools, serial_column_ruins,
          column_ruins_corridor_T, column_ruins_columns_dead_end,
          column_ruins_columns_straight, column_ruins_open_tiny,
          column_ruins_columns_corner, nicolae_ossuary_entry_monument

Skill      XL: |  1  2  3  4  5 |
---------------+----------------+-----
Maces & Flails | 3 4 |  4.0
Invocations    | 1 2 |  2.8
Armour         | 1 |  1.8
Fighting       | |  3.8
Dodging        | |  2.6

Action                     |  1- 3 |  4- 6 || total
---------------------------+-------+-------++-------
  Melee: Mace              |    77 |    44 ||   121
         Kick              |    13 |    15 ||    28
    Use: Potion            |       |     4 ||     4
   Stab: Distracted        |       |     1 ||     1
 Armour: Robe              |    45 |       ||    45
         Scale mail        |     6 |    42 ||    48
         Skin              |       |    34 ||    34
  Dodge: Dodged            |    58 |    37 ||    95

Table legend: (Time is in decaauts)
 A = Elapsed time spent in this place.
 B = Non-inter-level travel time spent in this place.
 C = Inter-level travel time spent in this place.
 D = Time resting spent in this place.
 E = Time spent auto-exploring this place.
 F = Levels seen in this place.
 G = Mean time per level.
                   A        B        C        D        E       F      G
               +--------+--------+--------+--------+--------+-----+--------+
         Total |   2395 |   2395 |      0 |      0 |   1900 |   4 |  598.8 |
       Dungeon |   2395 |   2395 |      0 |      0 |   1900 |   4 |  598.8 |
               +--------+--------+--------+--------+--------+-----+--------+

Top non-repeatable levels by time:
     D:1: 923 daAuts
     D:2: 735 daAuts
     D:3: 651 daAuts
     D:4: 85 daAuts
